 Dungeon Crawl Stone Soup version 0.25-a0-10-g2fe12d4 (webtiles) character file.

Game seed: 13549539286389540981, levelgen mode: deterministic

7056 ArcanElement the Thaumaturge (level 10, -1/61 HPs)
             Began as a Deep Elf Wizard on Oct 15, 2019.
             Slain by a yak (14 damage)
             ... on level 1 of the Lair of Beasts.
             The game lasted 00:27:03 (10537 turns).

ArcanElement the Thaumaturge (Deep Elf Wizard)     Turns: 10537, Time: 00:27:03

Health: -1/61      AC:  8    Str:  4    XL:     10   Next: 83%
Magic:  2/36       EV: 18    Int: 29    God:
Gold:   564        SH:  0    Dex: 13    Spells: 6/31 levels left

rFire    + . .     SeeInvis .   K - +2 quarterstaff (chaos)
rCold    + . .     Gourm    .   (shield currently unavailable)
rNeg     . . .     Faith    .   D - +2 robe {rF+}
rPois    .         Spirit   .   b - +0 hat
rElec    .         Reflect  .   e - scarf {cloud immunity}
rCorr    .         Harm     .   O - +0 pair of gloves
MR       +....                  y - +2 pair of boots
Stlth    ++........             (no amulet)
HPRegen  0.20/turn              c - ring of magical power
MPRegen  0.25/turn              z - +2 ring of intelligence

@: lethally poisoned (-1 -> -2), very slightly contaminated
A: blurry vision 1, cold resistance 1
a: no special abilities


You were on level 1 of the Lair of Beasts.
You were not hungry.

You visited 3 branches of the dungeon, and saw 10 of its levels.
You also visited: Ossuary.

You collected 594 gold pieces.
You spent 30 gold pieces at shops.

Inventory:

Hand Weapons
 i - a +1 spear
 x - a +2 war axe of chopping
 G - a +2 whip of flaming
 K - a +2 quarterstaff of chaos (weapon)
 M - a +2 mace of holy wrath
Missiles
 p - an atropa-tipped dart (quivered)
 A - 55 arrows
Armour
 a - a +0 robe
 b - a +0 hat (worn)
 e - a scarf of cloud immunity (worn)
 y - a +2 pair of boots (worn)
 D - a +2 robe of fire resistance (worn)
 L - a +0 cloak
 O - a +0 pair of gloves (worn)
 S - a +0 robe of magic resistance
Jewellery
 c - a ring of magical power (left hand)
 h - an uncursed ring of teleportation
 j - an uncursed amulet of guardian spirit
 q - an uncursed ring of magical power
 z - a +2 ring of intelligence (right hand)
 H - an uncursed ring of flight
 U - an uncursed amulet of magic regeneration {unknown}
Wands
 g - a wand of flame (13)
 n - a wand of polymorph (28)
 P - a wand of random effects (19)
Scrolls
 k - a scroll of immolation
 l - 9 scrolls of remove curse
 m - 2 scrolls of noise {unknown}
 o - 4 scrolls of fog
 r - 5 scrolls of teleportation
 C - a scroll of amnesia
 J - 2 scrolls of random uselessness {unknown}
 Q - a scroll of enchant weapon
 R - a scroll of summoning {unknown}
 T - a scroll of enchant armour {unknown}
Potions
 f - 2 potions of curing
 s - a potion of agility
 t - 3 potions of haste
 u - 2 potions of cancellation
 v - 4 potions of flight
 w - a potion of resistance
 B - 3 potions of might
 E - a potion of brilliance
 F - a potion of heal wounds
 I - a potion of magic {unknown}
 N - 2 potions of ambrosia
Comestibles
 d - 16 rations
 V - 3 chunks of flesh


   Skills:
 - Level 6.7 Fighting
 - Level 10.1 Dodging
 - Level 2.4 Stealth
 - Level 11.4 Spellcasting
 + Level 3.2 Conjurations
 + Level 3.6 Hexes
 + Level 3.3 Summonings
 + Level 3.3 Translocations
 + Level 2.9 Transmutations
 + Level 2.9 Fire Magic
 + Level 2.6 Air Magic
 + Level 2.9 Earth Magic
 + Level 2.9 Poison Magic


You had 6 spell levels left.
You knew the following spells:

 Your Spells              Type           Power        Failure   Level  Hunger
a - Magic Dart            Conj           ####         1%          1    None
b - Blink                 Tloc           N/A          1%          2    None
c - Call Imp              Summ           #####...     1%          2    None
d - Slow                  Hex            #####...     1%          2    None
e - Mephitic Cloud        Conj/Pois/Air  ####....     3%          3    None
f - Conjure Flame         Conj/Fire      ####....     2%          3    None
g - Stone Arrow           Conj/Erth      ####..       2%          3    None
h - Petrify               Tmut/Erth      ####....     10%         4    None
i - Lee's Rapid Deconstr  Erth           ####......   26%         5    ###....

Your spell library contained the following spells:

 Spells                   Type           Power        Failure   Level  Hunger
 Apportation              Tloc           #####.       1%          1    None
 Confusing Touch          Hex            #####.       1%          1    None
 Sandblast                Erth           ####..       1%          1    None
 Summon Small Mammal      Summ           ####         1%          1    None
 Passwall                 Tmut/Erth      ####....     1%          2    None
 Animate Skeleton         Necr           N/A          3%          1    None


Dungeon Overview and Level Annotations

Branches:
Dungeon (8/15)             Temple (1/1) D:4            Lair (1/6) D:8
Ossuary (visited)

Altars:
Ashenzari
Cheibriados
Dithmenos
Elyvilon
Fedhas
Gozag
Hepliaklqana
Kikubaaqudgha
Makhleb
Nemelex Xobeh
Okawaru
Qazlal
Ru
Trog
Uskayaw
Vehumet
Wu Jian
Xom
Yredelemnul
Zin
The Shining One

Shops:
D:7 *?

Annotations:
D:6 Demons on Display


Innate Abilities, Weirdness & Mutations

Scrolls take you a little longer to read.
Your flesh is cold resistant. (rC+)


Message History

The yak resists.
The yak is heavily wounded.
Throwing (i - inventory)
p - 3 atropa-tipped darts (quivered)
Press: ? - help, Shift-Dir - straight line, f/p - yak
Aim: a yak (heavily wounded, chance to blind on hit: 3%)
You throw an atropa-tipped dart. The atropa-tipped dart hits the yak.
The yak resists.
The yak is heavily wounded.
Throwing (i - inventory)
p - 2 atropa-tipped darts (quivered)
Press: ? - help, Shift-Dir - straight line, f/p - yak
Aim: a yak (moderately wounded, chance to blind on hit: 3%)
You throw an atropa-tipped dart. The atropa-tipped dart hits the yak.
The yak appears confused.
The yak is moderately wounded.
You feel sick.
You hit the yak.
The yak seems to slow down.
The yak is heavily wounded.
The yak seems less confused.
The yak is engulfed in blazing flames.
The yak gores you!
You die...

#.............#...#.......#......
#.....#.......#...#..............
#.....P..#.##.#...........+......
P.................##..###.#......
.................................
)................................
.................................
#................................
#......#P#.####P@.............###
+......##### ##Y####.#.###....#
#.......# ##(####.#.##.....#
.......## #.(##......##...##
#......###.....+..#...........#
+......P########.##.......#...##
#......####### #.##..###.##...P#
#......##..#P###†#...##..##...##
#............................PP##


You could see a yak (blind).

Vanquished Creatures
  Erica (D:8)
  A two-headed ogre (D:8)
  Pikel (D:5)
  A cyclops (D:7)
  A black mamba (Lair:1)
  Joseph (D:7)
  A spiny frog (Lair:1)
  A hippogriff (D:8)
  4 yaks (Lair:1)
  2 water moccasins (Lair:1)
  A porcupine (Lair:1)
  Duvessa (D:6)
  2 sky beasts
  A phantom (D:6)
  2 black bears (Lair:1)
  An ice beast (D:5)
  2 ogres
  A centaur (D:8)
  A big kobold (D:7)
  Blork the orc (D:6)
  6 bullfrogs
  3 water moccasin zombies (Ossuary)
  2 scorpions (D:8)
  Dowan (D:6)
  3 howler monkeys (D:7)
  2 crimson imps (D:8)
  A quasit (D:8)
  4 hounds
  Crazy Yiuf (D:6)
  An iguana (D:8)
  A centaur skeleton (D:5)
  2 orc wizards
  Terence (D:3)
  3 bullfrog skeletons
  6 worker ants
  2 big kobold zombies (Ossuary)
  A hound skeleton (D:6)
  3 mummies
  7 gnolls
  6 adders
  4 shadow imps
  3 oozes
  5 adder zombies (Ossuary)
  2 worms
  3 dart slugs
  2 leopard geckos
  24 orcs
  7 giant cockroaches
  10 goblins
  4 hobgoblins
  9 jackals
  10 kobolds
  A quokka (D:6)
  4 bats
  3 frilled lizards
  4 gnoll zombies (Ossuary)
  4 hobgoblin zombies (Ossuary)
  A jackal skeleton (D:4)
  5 kobold zombies (Ossuary)
  A leopard gecko zombie (D:6)
  7 orc zombies (Ossuary)
  8 rats
204 creatures vanquished.

Vanquished Creatures (collateral kills)
  An orc warrior (D:5)
  A scorpion (D:6)
  A crimson imp (D:6)
  A hound (D:4)
  An iguana (D:6)
  An orc wizard (D:3)
  A worker ant (D:6)
  4 adders
  A worm (D:4)
  2 orcs
  3 jackals (D:2)
  A kobold (D:2)
18 creatures vanquished.

Vanquished Creatures (others)
  A water moccasin zombie (Ossuary)
  A jelly (D:8)
  An iguana (D:7)
  An adder (D:6)
4 creatures vanquished.

Grand Total: 226 creatures vanquished

Notes
Turn   | Place    | Note
-------+----------+-------------------------------------------
     0 | D:1      | ArcanElement the Deep Elf Wizard began the quest for the
                  | Orb.
     0 | D:1      | Reached XP level 1. HP: 10/10 MP: 7/7
   317 | D:1      | Reached XP level 2. HP: 16/16 MP: 9/9
   504 | D:1      | Reached skill level 1 in Fighting
   734 | D:1      | Reached skill level 5 in Spellcasting
   734 | D:1      | Reached XP level 3. HP: 13/20 MP: 11/11
   738 | D:1      | Learned a level 2 spell: Blink
   741 | D:1      | Learned a level 2 spell: Call Imp
   744 | D:1      | Learned a level 2 spell: Slow
   748 | D:1      | Learned a level 3 spell: Mephitic Cloud
  1538 | D:2      | Reached XP level 4. HP: 9/25 MP: 12/13
  1611 | D:2      | Learned a level 3 spell: Conjure Flame
  2281 | D:3      | Noticed Terence
  2299 | D:3      | Killed Terence
  2299 | D:3      | Reached XP level 5. HP: 24/30 MP: 13/15
  2408 | D:3      | Reached skill level 6 in Spellcasting
  3750 | D:4      | Reached XP level 6. HP: 35/36 MP: 14/17
  3895 | D:4      | Found a shadowy altar of Dithmenos.
  3924 | D:4      | Gained mutation: Scrolls take you a little longer to read.
                  | [potion of mutation]
  3924 | D:4      | Gained mutation: Your flesh is cold resistant. (rC+)
                  | [potion of mutation]
  3946 | D:4      | Reached skill level 5 in Dodging
  4336 | D:4      | Found a staircase to the Ecumenical Temple.
  4370 | Temple   | Entered the Ecumenical Temple
  5062 | D:4      | Reached skill level 7 in Spellcasting
  5062 | D:4      | Reached XP level 7. HP: 41/41 MP: 19/19
  5121 | D:5      | Entered Level 5 of the Dungeon
  5607 | D:6      | Found a radiant altar of Vehumet.
  6009 | D:5      | Reached skill level 8 in Spellcasting
  6230 | D:6      | Found an opulent altar of Gozag.
  6256 | D:6      | Reached XP level 8. HP: 26/48 MP: 18/22
  6278 | D:6      | Noticed Blork the orc
  6402 | D:6      | Killed Blork the orc
  6435 | D:6      | Noticed Pikel
  6470 | D:5      | Killed Pikel
  6470 | D:5      | Reached skill level 5 in Fighting
  6470 | D:5      | Reached skill level 9 in Spellcasting
  6608 | D:6      | Noticed Duvessa
  6615 | D:6      | Noticed Dowan
  6645 | D:6      | Killed Dowan
  6650 | D:6      | Killed Duvessa
  6796 | D:6      | Found a burning altar of Makhleb.
  6877 | D:6      | Learned a level 3 spell: Stone Arrow
  6882 | D:6      | Learned a level 4 spell: Petrify
  6888 | D:6      | Learned a level 5 spell: Lee's Rapid Deconstruction
  6914 | D:6      | Found a white marble altar of Elyvilon.
  7001 | D:6      | Found a runed translucent door.
  7002 | D:6      | Noticed Crazy Yiuf
  7037 | D:6      | Found a sacrificial altar of Ru.
  7099 | D:6      | Found a burning altar of Makhleb.
  7099 | D:6      | Noticed a balrug
  7103 | D:6      | Noticed an orange demon
  7103 | D:6      | Noticed a hellwing
  7197 | D:6      | Killed Crazy Yiuf
  7348 | D:7      | Reached XP level 9. HP: 54/54 MP: 24/24
  7394 | D:7      | Reached skill level 10 in Spellcasting
  7417 | D:7      | Found a sand-covered staircase.
  7423 | Ossuary  | Entered an ossuary
  7896 | D:7      | Noticed a cyclops
  7903 | D:7      | Noticed Joseph
  8151 | D:7      | Killed Joseph
  8165 | D:7      | Killed a cyclops
  8165 | D:7      | Reached skill level 11 in Spellcasting
  8366 | D:7      | Found a bloodstained altar of Trog.
  8394 | D:7      | Found a glowing golden altar of the Shining One.
  8396 | D:7      | Noticed an angel
  8408 | D:7      | Found a basalt altar of Yredelemnul.
  8574 | D:7      | Found Ogemyg's General Store.
  8648 | D:7      | Found Iskept's Magic Scroll Emporium.
  8654 | D:7      | Bought a scroll of teleportation for 30 gold pieces
  8769 | D:8      | Found a staircase to the Lair.
  9053 | D:8      | Reached skill level 10 in Dodging
  9293 | D:8      | Noticed a two-headed ogre
  9305 | D:8      | Killed a two-headed ogre
  9305 | D:8      | Reached skill level 1 in Hexes
  9305 | D:8      | Reached skill level 1 in Transmutations
  9305 | D:8      | Reached skill level 1 in Fire Magic
  9305 | D:8      | Reached skill level 1 in Earth Magic
  9305 | D:8      | Reached skill level 1 in Poison Magic
  9305 | D:8      | Reached XP level 10. HP: 60/61 MP: 17/27
  9462 | D:8      | Found a stormy altar of Qazlal.
  9489 | D:8      | Reached skill level 1 in Air Magic
  9750 | D:8      | Found a hazy altar of Hepliaklqana.
  9774 | D:8      | Noticed Erica
  9778 | D:8      | Killed Erica
  9904 | D:8      | Found a blossoming altar of Fedhas.
  9932 | Lair:1   | Entered Level 1 of the Lair of Beasts
 10259 | Lair:1   | Noticed a black mamba
 10265 | Lair:1   | Killed a black mamba
 10516 | Lair:1   | Noticed a spiny frog
 10522 | Lair:1   | Killed a spiny frog
 10537 | Lair:1   | Slain by a yak

Levels and vault maps discovered:
D:1:      shiori_arrival_maze, layout_basic
D:2:      minmay_kobold_bridge, layout_basic, first_ration, grunt_ministairs_13
D:3:      layout_basic, minmay_crystal_water, uniq_terence
D:4:      layout_basic, lemuel_round_altar, temple_doors_e
D:5:      layout_rooms
D:6:      layout_rooms, kennysheep_mini_moat, overflow_temple_1_default,
          fiery_altar_vehumet, elyvilon_altar_3, overflow_temple_1_default,
          makhleb_altar_promises_db, uniq_pikel, uniq_blork_the_orc,
          uniq_duvessa, uniq_crazy_yiuf_cottage
D:7:      layout_cave_pools, grunt_temple_overflow_holy_war,
          nicolae_overflow_crystal_walls, gup_ossuary_entry_pyramid,
          serial_shops, nicolae_shop_trees, kennysheep_mini, uniq_joseph
D:8:      layout_rooms, lemuel_round_altar, grunt_qazlal_clouds, fedhas_altar_4,
          lair_entry_dummy, uniq_erica
Temple:   compressed_dpeg_triangle_lava_temple
Lair:1:   layout_regular_city

Skill      XL: |  1  2  3  4  5  6  7  8  9 10 |
---------------+-------------------------------+-----
Fighting       | 1 2 3 4 5 6 |  6.7
Dodging        | 3 4 5 6 8 10 | 10.1
Spellcasting   | 5 6 7 8 9 11 | 11.4
Hexes          | 1 3 |  3.6
Transmutations | 1 2 |  2.9
Fire Magic     | 1 2 |  2.9
Earth Magic    | 1 2 |  2.9
Poison Magic   | 1 2 |  2.9
Air Magic      | 2 |  2.6
Summonings     | 3 |  3.3
Translocations | 3 |  3.3
Conjurations   | 3 |  3.2
Stealth        | |  2.4

Action                   |  1- 3 |  4- 6 |  7- 9 | 10-12 || total
-------------------------+-------+-------+-------+-------++-------
Melee: Dagger            |     3 |     7 |       |       ||    10
       Spear             |       |    27 |       |       ||    27
       War axe           |       |    22 |    37 |       ||    59
       Whip              |       |       |    20 |       ||    20
       Quarterstaff      |       |       |    44 |    13 ||    57
Throw: Dart              |       |       |       |     4 ||     4
 Cast: Magic Dart        |   114 |   160 |   164 |     8 ||   446
       Call Imp          |     3 |    14 |    19 |       ||    36
       Mephitic Cloud    |       |    13 |    21 |     1 ||    35
       Conjure Flame     |       |    11 |    28 |     6 ||    45
       Blink             |       |     3 |     7 |       ||    10
       Stone Arrow       |       |       |    56 |    51 ||   107
Evoke: Wand              |       |       |     7 |       ||     7
  Use: Scroll            |     2 |     2 |     9 |       ||    13
       Potion            |       |     5 |     2 |       ||     7
 Stab: Confused          |       |     4 |     3 |       ||     7
       Distracted        |       |     1 |       |       ||     1
       Sleeping          |       |       |       |     1 ||     1
  Eat: Chunk             |     2 |    10 |    13 |     4 ||    29
Armor: Robe              |     8 |    14 |    27 |    13 ||    62
Dodge: Dodged            |    29 |    75 |   154 |    28 ||   286

Table legend:
 A = Non-vault XP
 B = Vault XP
 C = Vault XP percentage of total XP
 D = Non-vault monster count
 E = Vault monster count
 F = Vault count percentage of total count
                 A         B        C        D         E       F
            +---------+---------+-------+---------+---------+-------
      Total |    7328 |    2752 |  27.3 |     172 |      51 |  22.9
            +---------+---------+-------+---------+---------+-------
        D:1 |      49 |       4 |   7.5 |      19 |       2 |   9.5
        D:2 |     118 |      11 |   8.5 |      27 |       7 |  20.6
        D:3 |     136 |      38 |  21.8 |      24 |       1 |   4.0
        D:4 |     385 |       0 |   0.0 |      17 |       0 |   0.0
        D:5 |     503 |     607 |  54.7 |      12 |       1 |   7.7
        D:6 |     541 |     312 |  36.6 |      22 |       4 |  15.4
        D:7 |    1004 |     468 |  31.8 |      13 |       2 |  13.3
        D:8 |    2092 |     923 |  30.6 |      25 |       1 |   3.8
     Lair:1 |    2500 |       0 |   0.0 |      13 |       0 |   0.0
    Ossuary |       0 |     389 | 100.0 |       0 |      33 | 100.0
            +---------+---------+-------+---------+---------+-------
